 Dungeon Crawl Stone Soup version 0.24.0-123-gd5b16e6ec5 (webtiles) character file.

Game seed: 15967124668881360301, levelgen mode: deterministic

1330 hazymike the Chopper (level 8, -2/73 HPs)
             Began as a Deep Dwarf Monk on Feb 8, 2020.
             Was a Believer of Elyvilon.
             Slain by an ogre
             ... wielding a +0 giant club
              (27 damage)
             ... on level 6 of the Dungeon.
             The game lasted 00:40:07 (4929 turns).

hazymike the Chopper (Deep Dwarf Monk)              Turns: 4929, Time: 00:40:08

Health: -2/73      AC:  9    Str: 16    XL:     8   Next: 34%
Magic:  10/10      EV: 11    Int: 12    God:    Elyvilon [**....]
Gold:   193        SH:  0    Dex: 15    Spells: 7/7 levels left

rFire    . . .     SeeInvis .   a - +0 hand axe
rCold    . . .     Gourm    .   (no shield)
rNeg     . . .     Faith    .   G - +0 scale mail
rPois    .         Spirit   .   (no helmet)
rElec    .         Reflect  .   B - +1 cloak
rCorr    .         Harm     .   (no gloves)
MR       +....                  (no boots)
Stlth    +.........             (no amulet)
HPRegen  0.00/turn              (no ring)
MPRegen  0.12/turn              (no ring)

@: non-regenerating
A: damage resistance, heal wounds, sense surroundings 1, no regeneration
a: Heal Wounds, Lesser Healing, Heal Other, Divine Protection, Renounce Religion


You were on level 6 of the Dungeon.
You worshipped Elyvilon.
Elyvilon was pleased with you.
You were hungry.

You visited 1 branch of the dungeon, and saw 6 of its levels.

You collected 193 gold pieces.

Inventory:

Hand Weapons
 a - a +0 hand axe (weapon)
Missiles
 e - 232 stones
 n - 11 poisoned darts (quivered)
 A - 6 boomerangs
Armour
 B - a +1 cloak (worn)
 G - a +0 scale mail (worn)
Jewellery
 d - an uncursed ring of resist corrosion {unknown}
 g - an uncursed amulet of the gourmand {unknown}
 k - an uncursed ring of fire {unknown}
 o - an uncursed ring of fire {unknown}
 s - an uncursed amulet of harm {unknown}
 z - an uncursed ring of fire {unknown}
 E - a +5 ring of strength {unknown}
Wands
 h - a wand of paralysis (1)
 t - a wand of iceblast (7)
Scrolls
 b - 2 scrolls of blinking
 f - a scroll of random uselessness
 i - a scroll of teleportation
 j - a scroll of noise {unknown}
 q - a scroll of amnesia
 r - a scroll of enchant armour
 v - a scroll of remove curse {unknown}
 y - a scroll of immolation
 D - a scroll of fog {unknown}
Potions
 l - 2 potions of degeneration {unknown}
 m - a potion of haste {unknown}
 p - 3 potions of flight {unknown}
 u - 3 potions of curing {unknown}
 w - 3 potions of heal wounds
 x - a potion of might
 C - a potion of cancellation {unknown}
 F - a potion of lignification {unknown}
Comestibles
 c - 15 rations


   Skills:
 + Level 4.8 Fighting
 * Level 7.7 Axes
 - Level 4.0 Armour
 - Level 4.0 Dodging
 - Level 3.0 Stealth
 * Level 5.9 Invocations


You had 7 spell levels left.
You didn't know any spells.
Your spell library was empty.

Dungeon Overview and Level Annotations

Branches:
Dungeon (6/15)             Temple (0/1) D:5

Altars:
Elyvilon
Fedhas
Gozag
Okawaru
Qazlal
Sif Muna
Yredelemnul

Annotations:
D:6 Edmund


Innate Abilities, Weirdness & Mutations

You are resistant to damage.
You can heal yourself by infusing magical energy.
You passively map a small area around you.
You do not regenerate.


Message History

Your magical contamination has completely faded away.
You see here a scale mail.
An ogre comes into view. It is wielding a +0 giant club.
The ogre shouts!
You hear an angry hiss.
A bullfrog comes into view.
You see here a scale mail.
There is a stone staircase leading up here.
As you read the scroll labeled EPAURU NA BIU, it crumbles to dust.
You hear a very strange noise indeed.
It was a scroll of random uselessness.
You hit the ogre.
The ogre is lightly wounded.
The ogre barely misses you.
You slash the ogre!
The ogre is moderately wounded.
The ogre hits you with a +0 giant club!
* * * LOW HITPOINT WARNING * * *
You feel much better.
The ogre hits you with a +0 giant club!!
You die...

#..##.#.####.
#..[.###..... *
##.##.#.##.## *
#.###.###.#
#####.###.# #.#
#####
#.........###.##
, ...#
#.###...........
#.#####.####.#
#####.###.#. .
.........O@..#
###...# #.# #.
.#####.######
#.....# #(#


.FO #.# #.#.### #.# * ... * #.# #.#.# #.#, ,..,* #.########.#.# #.#
#.###O##.........#####.# , #..[.##.#####..s.@.).<# * *#.######.# #.#########, *#
* #.# #.# * You could see an ogre.

Vanquished Creatures
  Prince Ribbit (D:5)
  2 ogres
  A necrophage (D:6)
  A phantom (D:6)
  A centaur (D:5)
  A scorpion (D:3)
  A howler monkey (D:4)
  2 crimson imps
  A jelly (D:5)
  4 orc priests
  3 hounds (D:4)
  4 orc wizards
  A worker ant (D:4)
  4 gnolls (D:5)
  5 adders
  5 oozes
  A worm (D:2)
  2 dart slugs (D:1)
  4 leopard geckos
  11 orcs
  5 giant cockroaches
  5 goblins
  8 hobgoblins
  9 jackals
  2 quokkas
  6 bats
  4 frilled lizards
  5 kobolds
  A leopard gecko zombie (D:5)
  7 rats
  2 plants (D:2)
109 creatures vanquished.

Notes
Turn   | Place    | Note
-------+----------+-------------------------------------------
     0 | D:1      | hazymike the Deep Dwarf Monk began the quest for the Orb.
     0 | D:1      | Reached XP level 1. HP: 20/20 MP: 1/1
    71 | D:1      | Reached XP level 2. HP: 22/27 MP: 2/2
   384 | D:1      | Reached XP level 3. HP: 20/33 MP: 3/3
   388 | D:1      | Reached skill level 1 in Armour
   994 | D:2      | Reached skill level 4 in Axes
  1026 | D:2      | Found a faded altar of an unknown god.
  1713 | D:3      | Reached XP level 4. HP: 41/42 MP: 4/4
  1916 | D:3      | Reached XP level 5. HP: 46/49 MP: 5/5
  2402 | D:3      | Found a blossoming altar of Fedhas.
  2402 | D:3      | Found a shimmering blue altar of Sif Muna.
  2468 | D:3      | Reached skill level 5 in Axes
  2774 | D:4      | Found a white marble altar of Elyvilon.
  2782 | D:4      | Became a worshipper of Elyvilon the Healer
  2782 | D:4      | Reached * piety under Elyvilon
  2782 | D:4      | Reached ** piety under Elyvilon
  2836 | D:4      | Reached XP level 6. HP: 21/57 MP: 6/6
  2894 | D:4      | Found an opulent altar of Gozag.
  2894 | D:4      | Found a basalt altar of Yredelemnul.
  2955 | D:4      | Found a stormy altar of Qazlal.
  3018 | D:4      | Reached skill level 1 in Invocations
  3089 | D:4      | Reached skill level 6 in Axes
  3222 | D:4      | Reached XP level 7. HP: 23/64 MP: 6/6
  3572 | D:5      | Entered Level 5 of the Dungeon
  3617 | D:5      | Noticed Prince Ribbit
  3624 | D:5      | Elyvilon protects you from harm!
  3778 | D:5      | Killed Prince Ribbit
  3938 | D:5      | Reached skill level 7 in Axes
  4206 | D:5      | Reached XP level 8. HP: 23/73 MP: 9/9
  4307 | D:5      | Found an iron altar of Okawaru.
  4552 | D:5      | Found a staircase to the Ecumenical Temple.
  4594 | D:6      | Noticed Edmund
  4653 | D:6      | Reached skill level 5 in Invocations
  4928 | D:6      | HP: 3/73 [ogre/+0 giant club (13)]
  4929 | D:6      | Slain by an ogre

Levels and vault maps discovered:
D:1:      tarquinn_simple_flora_water_b, layout_rooms, minivault_23
D:2:      layout_basic, chequers_ecumenical_altar_island, serial_bayou_lagoon_a
D:3:      layout_loops_cross, gammafunk_temple_overflow_wave, first_ration
D:4:      layout_basic, elyvilon_altar_5, nicolae_qazlal_eye_of_the_storm,
          chequers_temple_overflow_statue_of_worship, minmay_small_thing
D:5:      layout_rooms, temple_hall, okawaru_ov_weapons_minmay,
          uniq_prince_ribbit1
D:6:      layout_loops_ring, regret_index_temple_of_mockery, uniq_edmund

Skill      XL: |  1  2  3  4  5  6  7  8 |
---------------+-------------------------+-----
Armour         | 1 2 3 4 |  4.0
Fighting       | 3 4 |  4.8
Axes           | 4 5 6 7 |  7.7
Stealth        | 3 |  3.0
Dodging        | 4 |  4.0
Invocations    | 2 4 5 |  5.9

Action                   |  1- 3 |  4- 6 |  7- 9 || total
-------------------------+-------+-------+-------++-------
Melee: Hand axe          |   157 |   250 |   171 ||   578
Throw: Stone             |    17 |     2 |       ||    19
       Dart              |    59 |    88 |    22 ||   169
       Boomerang         |       |       |    22 ||    22
Invok: Lesser Healing    |       |     1 |     5 ||     6
 Abil: Heal Wounds       |     1 |     4 |     6 ||    11
  Use: Scroll            |       |     3 |     6 ||     9
       Potion            |       |       |     2 ||     2
 Stab: Sleeping          |     4 |       |       ||     4
  Eat: Chunk             |     3 |     5 |     6 ||    14
Armor: Robe              |     3 |       |       ||     3
       Ring mail         |    25 |    62 |     8 ||    95
       Scale mail        |       |       |    30 ||    30
Dodge: Dodged            |    47 |   158 |    93 ||   298
